 Dungeon Crawl Stone Soup version 0.28-a0-938-gbc3f381ebc (webtiles) character file.

Game seed: 8422312413114315523

119 cheechan the Gusty (level 5, -2/32 HPs)
             Began as an Octopode Air Elementalist on Nov 29, 2021.
             Slain by an ogre (14 damage)
             ... on level 3 of the Dungeon.
             The game lasted 00:08:25 (2305 turns).

cheechan the Gusty (Octopode Air Elementalist)      Turns: 2305, Time: 00:08:26

Health: -2/32      AC:  1    Str:  7    XL:     5   Next: 3%
Magic:  8/8        EV: 12    Int: 18    God:
Gold:   67         SH:  0    Dex: 13    Spells: 8/9 levels left

rFire   . . .      SeeInvis .   a - +3 dagger
rCold   . . .      Faith    .   o - +1 buckler
rNeg    . . .      Spirit   .   (helmet restricted)
rPois   .          Reflect  .   (no amulet)
rElec   .          Harm     .   k - ring of wizardry
rCorr   .          Rampage  .   (no ring)
Will    .....                   (no ring)
Stlth   ++........              (no ring)
HPRegen 0.10/turn               (no ring)
MPRegen 0.11/turn               (no ring)
                                (no ring)
                                (no ring)

@: confused, ambrosia-drunk
A: almost no armour, amphibious, 8 rings, camouflage 1, gelatinous body 1,
(nimble swimmer 1), tentacles
a: no special abilities


You were on level 3 of the Dungeon.
You visited 1 branch of the dungeon, and saw 4 of its levels.

You collected 67 gold pieces.

Inventory:

Hand Weapons
 a - a +3 dagger (weapon)
 j - a +0 hunting sling
Missiles
 d - a throwing net
 f - 17 arrows
 g - 25 poisoned darts
 p - 11 sling bullets
Armour
 o - a +1 buckler (worn)
Jewellery
 k - a ring of wizardry (left tentacle)
Scrolls
 l - a scroll of fog
 m - 2 scrolls of teleportation
Potions
 b - a potion of brilliance
 e - a potion of haste {unknown}
 h - a potion of mutation {unknown}
 i - a potion of heal wounds {unknown}
 n - a potion of curing {unknown}


   Skills:
 + Level 0.3 Fighting
 + Level 1.0 Short Blades
 + Level 2.1 Dodging
 + Level 3.2 Stealth
 + Level 2.6 Spellcasting
 + Level 1.8 Conjurations
 + Level 4.3 Air Magic


You had 8 spell levels left.
You knew the following spells:

 Your Spells              Type           Power      Damage    Failure   Level
a - Shock                 Conj/Air       52%        1d6       3%          1

Your spell library contained the following spells:

 Spells                   Type           Power      Damage    Failure   Level
 Static Discharge         Conj/Air       13%        N/A       4%          2
 Swiftness                Air            17%        N/A       6%          3
 Airstrike                Air            8%         N/A       19%         4


Dungeon Overview and Level Annotations

Branches:
Dungeon (4/15)
 Temple: D:4-7

Altars:


Innate Abilities, Weirdness & Mutations

You cannot wear most types of armour.
You are amphibious.
You can wear up to eight rings at the same time.
Your skin changes colour to match your surroundings (Stealth+).
Your rubbery body absorbs attacks. (AC +1, EV +1)
((You are camouflaged near water. (Stealth+)))
You have tentacles for arms and can constrict up to eight enemies at once.


Message History

Jessica shouts!
Jessica shouts, "You are a ghastly nuisance!"
You hit Jessica. You grab Jessica. You squeeze Jessica, but do no damage.
Jessica is moderately wounded.
You constrict Jessica, but do no damage.
Jessica points at you and mumbles some strange words.
Pain shoots through your body!
You hit Jessica but do no damage.
Jessica is moderately wounded.
You constrict Jessica. Jessica hits you with a +0 dagger.
You hit Jessica. Your squeeze misses Jessica.
Jessica is almost dead.
You constrict Jessica.
You kill Jessica!
Your Air Magic skill increases to level 4!
You have reached level 5!
You feel clever.
Things that are here:
a +0 dagger; a +0 robe; the human corpse of Jessica
Things that are here:
a +0 dagger; a +0 robe; the human corpse of Jessica
There is a stone staircase leading down here.
You climb downwards.
You hear the sound of rushing water.
There is an entrance to a sewer on this level.
Hurry and find it before the portal rusts away!
The ogre shouts!
The orc shouts! x4
The endoplasm quivers.
The gnoll shouts! x2; You hear a shout!
Found a fizzy ruby potion, a scroll of fog and a whip.
Found a stone staircase leading down.
There is a stone staircase leading up here.
You hear a shout!
The ogre hits you with a +0 giant club!!
Ouch! That really hurt!
* * * LOW HITPOINT WARNING * * *
You climb upwards.
There is a stone staircase leading down here.
You are confused.
You feel invigorated. The ogre hits you with a +0 giant club!
You die...

..................>......[.......
#.#.##########..#...#############
#.#........# ##.#...#
#.########.# #.#...# #.[........#
#.#...# ############ #.#...#
#.#...# #.O...# ##@÷..# #....#
#####....# #........# #........#
#........# #....#...#
###...)#...# #.....÷....#


You could see an ogre.

Vanquished Creatures
  Jessica (D:3)
  2 adders (D:3)
  5 dart slugs
  4 orcs (D:3)
  4 endoplasms
  4 giant cockroaches
  5 goblins
  3 hobgoblins
  2 jackals (D:2)
  9 ball pythons
  4 bats
  3 frilled lizards (D:2)
  8 kobolds
  8 rats
62 creatures vanquished.

Notes
Turn   | Place    | Note
-------+----------+-------------------------------------------
     0 | D:1      | cheechan the Octopode Air Elementalist began the quest for
                  | the Orb.
     0 | D:1      | Reached XP level 1. HP: 11/11 MP: 3/3
    50 | D:1      | Found a faded altar of an unknown god.
   221 | D:1      | Reached XP level 2. HP: 10/17 MP: 0/5
  1055 | D:2      | Reached XP level 3. HP: 21/21 MP: 0/6
  1593 | D:3      | Reached XP level 4. HP: 27/27 MP: 3/7
  1678 | D:3      | Reached skill level 1 in Short Blades
  2186 | D:3      | Noticed Jessica
  2192 | D:3      | Killed Jessica
  2193 | D:3      | Reached skill level 4 in Air Magic
  2193 | D:3      | Reached XP level 5. HP: 22/32 MP: 8/8
  2292 | D:4      | Noticed an ogre
  2305 | D:3      | Slain by an ogre

Illustrated notes

Levels and vault maps discovered:
D:1:      lordsloth_arrival_two_stooges, layout_loops_ring,
          basic_ecumenical_altar
D:2:      layout_basic, st_stairs_11
D:3:      layout_basic, serial_curves, eino_curves_02, eino_curves_02,
          uniq_jessica
D:4:      layout_rooms, fedhas_altar_fruit_tree, lemuel_doored_altar,
          cheibrodos_sewer_entry_drain

Skill      XL: |  1  2  3  4 |
---------------+-------------+-----
Stealth        | 3 |  3.2
Short Blades   | 1 |  1.0
Air Magic      | 4 |  4.3
Fighting       | |  0.3
Dodging        | |  2.1
Spellcasting   | |  2.6
Conjurations   | |  1.8

Action                   |  1- 3 |  4- 6 || total
-------------------------+-------+-------++-------
Melee: Unarmed           |     4 |       ||     4
       Tentacles         |    11 |     3 ||    14
       Constrict         |    13 |     5 ||    18
       Dagger            |    47 |    17 ||    64
 Cast: Shock             |    51 |    25 ||    76
  Use: Scroll            |     3 |     3 ||     6
       Potion            |       |     1 ||     1
Armor: Skin              |     3 |     1 ||     4
Dodge: Dodged            |    39 |     7 ||    46
Block: Buckler           |       |     3 ||     3

Table legend: (Time is in decaauts)
 A = Elapsed time spent in this place.
 B = Non-inter-level travel time spent in this place.
 C = Inter-level travel time spent in this place.
 D = Time resting spent in this place.
 E = Time spent auto-exploring this place.
 F = Levels seen in this place.
 G = Mean time per level.
                   A        B        C        D        E       F      G
               +--------+--------+--------+--------+--------+-----+--------+
         Total |   2302 |   2302 |      0 |    368 |      0 |   4 |  575.5 |
       Dungeon |   2302 |   2302 |      0 |    368 |      0 |   4 |  575.5 |
               +--------+--------+--------+--------+--------+-----+--------+

Top non-repeatable levels by time:
     D:1: 1047 daAuts
     D:3: 714 daAuts
     D:2: 539 daAuts
     D:4: 1 daAuts
